 Dungeon Crawl Stone Soup version 0.27.1 (webtiles) character file.

Game seed: 14145178170951920632

13799 JackMcBride the Blocker (level 11, 0/102 HPs)
             Began as a Minotaur Fighter on Aug 24, 2021.
             Was a High Priest of Ru.
             Slain by an entropy weaver simulacrum (26 damage)
             ... in an ice cave on Aug 25, 2021.
             The game lasted 00:30:00 (11451 turns).

JackMcBride the Blocker (Minotaur Fighter)         Turns: 11451, Time: 00:30:03

Health: 0/102      AC: 26    Str: 28    XL:     11   Next: 80%
Magic:  10/10      EV:  7    Int:  5    God:    Ru [*****.]
Gold:   587        SH: 13    Dex: 10    Spells: 10/10 levels left

rFire    . . .     SeeInvis .   a - +0 war axe
rCold    . . .     Faith    .   c - +0 kite shield
rNeg     . . .     Spirit   .   z - +9 plate armour of Todiusiq {Str+2}
rPois    .         Reflect  .   (helmet restricted)
rElec    .         Harm     .   (no cloak)
rCorr    .         Rampage  .   g - +0 pair of gloves
Will     .....                  j - +0 pair of boots
Stlth    ..........             A - amulet of the Past {Regen+ Str+2}
HPRegen  1.27/turn              (no ring)
MPRegen  0.12/turn              (no ring)

@: no status effects
A: horns 2, inability to use devices, hated by all, no conjurations magic, no
earth magic, no transmutations magic, unskilled 1, retaliatory headbutt
a: Renounce Religion, Draw Out Power, Power Leap, Apocalypse


You were in an ice cave.
You worshipped Ru.
Ru was extremely pleased with you.
You visited 1 branch of the dungeon, and saw 11 of its levels.
You also visited: Bailey and Ice Cave.

You collected 587 gold pieces.

Inventory:

Hand Weapons
 a - a +0 war axe (weapon)
Missiles
 f - 30 javelins (quivered)
 B - 22 poisoned darts
 E - 3 throwing nets
Armour
 c - a +0 kite shield (worn)
 g - a +0 pair of gloves (worn)
 j - a +0 pair of boots (worn)
 z - the +9 plate armour of Todiusiq (worn) {Str+2}
   (You acquired it on level 7 of the Dungeon)

   Str:       It affects your strength (+2).
Jewellery
 b - the amulet of the Air {Inacc Air Fly rElec RMsl}
   (You took it off an orc in a bailey)

   [amulet of nothing]

   It reduces the accuracy of all your attacks.
   It enhances your air magic.
   rElec:     It insulates you from electricity.
   Fly:       It grants you flight.
   RMsl:      It protects you from missiles.
 d - a ring of protection from fire
 i - an amulet of regeneration
 v - a ring of magical power
 y - an amulet of the acrobat
 A - the amulet of the Past (around neck) {Regen+ Str+2}
   (You found it in a bailey)

   [amulet of regeneration]

   Str:       It affects your strength (+2).
   Regen:     It increases your rate of health regeneration.
 I - a ring of see invisible
Scrolls
 l - 3 scrolls of noise
 n - a scroll of holy word {unknown}
 o - 2 scrolls of vulnerability
 t - a scroll of amnesia {unknown}
 u - a scroll of enchant weapon {unknown}
 w - 2 scrolls of teleportation {unknown}
 D - a scroll of brand weapon {unknown}
 F - 2 scrolls of acquirement
 G - 2 scrolls of fog {unknown}
 J - a scroll of summoning {unknown}
 K - 2 scrolls of fear
Potions
 e - 3 potions of brilliance
 h - 2 potions of mutation {unknown}
 k - 2 potions of attraction
 m - a potion of resistance {unknown}
 p - a potion of lignification {unknown}
 q - 3 potions of flight
 r - 2 potions of might
 s - 3 potions of degeneration
 x - 3 potions of curing
 C - a potion of berserk rage {unknown}
 H - 2 potions of cancellation {unknown}


   Skills:
 + Level 11.0 Fighting
 + Level 10.7 Axes
 + Level 10.9 Armour
 + Level 11.0 Shields


You had 10 spell levels left.
You didn't know any spells.
Your spell library contained the following spells:

 Spells                   Type           Power      Damage    Failure   Level
 Apportation              Tloc           0%         N/A       100%        1
 Blink                    Tloc           N/A        N/A       100%        2
 Lesser Beckoning         Tloc           0%         N/A       100%        3
 Agony                    Necr           0%         N/A       100%        5
 Manifold Assault         Tloc           0%         N/A       100%        5
 Silence                  Hex/Air        0%         N/A       100%        5
 Invisibility             Hex            0%         N/A       100%        6
 Sandblast                Erth           Unusable   2d4       N/A         1
 Passwall                 Tmut/Erth      Unusable   N/A       N/A         2
 Dazzling Flash           Conj/Hex       Unusable   N/A       N/A         3
 Alistair's Intoxication  Tmut/Pois      Unusable   N/A       N/A         5
 Fireball                 Conj/Fire      Unusable   3d3       N/A         5
 Iskenderun's Battlesphe  Conj           Unusable   2d6       N/A         5
 Lee's Rapid Deconstruct  Erth           Unusable   3d5*      N/A         5
 Conjure Ball Lightning   Conj/Air       Unusable   3x3d6     N/A         6
 Orb of Destruction       Conj           Unusable   N/A       N/A         7

Dungeon Overview and Level Annotations

Branches:
Dungeon (11/15)            Temple (0/1) D:4            Lair (0/6) D:10
    Orc (0/2) D:10         Bailey (visited)           IceCv (1/1)

Altars:
Fedhas
Gozag
Qazlal
Ru
Trog
Vehumet
Xom
Yredelemnul
Zin
Beogh

Shops:
D:4 (

Annotations:
D:5 Prince Ribbit
D:6 3 runed translucent doors, a11behringer's ghost, novice MiFi
D:8 3 runed translucent doors, 0gre's ghost, novice GnIE


Innate Abilities, Weirdness & Mutations

You have a pair of horns on your head.
You cannot study or use magical devices.
You are hated by all.
You cannot study or cast Conjurations magic.
You cannot study or cast Earth magic.
You cannot study or cast Transmutations magic.
You are somewhat unskilled. (-1 Apt)
You reflexively headbutt those who attack you in melee.


Message History

You kill the ice dragon!
Your life force feels restored.
Your Shields skill increases to level 11!
The helpless polar bear fails to defend itself.
You slice the polar bear!!
You kill the polar bear!
Your Fighting skill increases to level 11!
No target in view!
No target in view!
You start resting.
HP restored.
You start resting.
You hear the steady crackling of a melting archway.
You see here a polar bear corpse.
You start resting.
You feel less exhausted.
You start resting.
You hear the steady crackling of a melting archway.
You start resting.
Magic restored.
There is a frozen archway here.
The world spins around you as you enter the gateway.
You enter an ice cave!
Found an ice covered gate leading back out of this place.
There is an ice choked empty arch of ancient stone here.
You block the entropy weaver simulacrum's attack. x2
The entropy weaver simulacrum hits you but does no damage. x2
You hit the entropy weaver simulacrum.
You headbutt the entropy weaver simulacrum, but do no damage.
The entropy weaver simulacrum is lightly damaged.
The entropy weaver simulacrum hits you!
The entropy weaver simulacrum freezes you!!
The entropy weaver simulacrum hits you but does no damage.
The entropy weaver simulacrum hits you!
The entropy weaver simulacrum freezes you!!
You focus your inner power and blind the entropy weaver simulacrum in retribution!
The entropy weaver simulacrum hits you.
* * * LOW HITPOINT WARNING * * *
The entropy weaver simulacrum freezes you!!
You die...

#####
##.∩.##
#..∩..#
##@..##
##Z##
#Z# ...
Z...
####.
##


You could see a demonic crawler simulacrum and an entropy weaver simulacrum
(blind).

Vanquished Creatures
  Harold (D:8)
  An ice dragon (D:11)
  Erolcha (D:9)
  5 two-headed ogres
  Pikel (D:9)
  A komodo dragon (D:10)
  Maggie (D:9)
  Psyche (D:9)
  3 polar bears (D:11)
  2 hornets
  2 trolls (D:11)
  A yak (D:11)
  A wraith (D:8)
  2 wyverns
  A basilisk (D:10)
  A steam dragon (D:6)
  3 vampire mosquitoes (D:10)
  Edmund (D:4)
  3 acid dragons
  A sky beast (D:5)
  2 ice beasts (D:7)
  2 black bears
  13 orc warriors
  9 centaurs
  2 wolves (D:11)
  A lemure (D:9)
  2 kobold brigands
  3 bullfrogs
  A gnoll sergeant (D:9)
  A water moccasin zombie (D:5)
  4 killer bees (D:8)
  An electric eel (D:8)
  4 howler monkeys
  2 bullfrog zombies
  A centaur zombie (D:4)
  5 jellies
  4 hounds
  A bullfrog skeleton (D:5)
  5 orc priests
  A scorpion zombie (D:4)
  9 iguanas
  9 orc wizards
  A killer bee zombie (D:6)
  A hound zombie (D:4)
  A hound skeleton (D:4)
  5 gnolls (D:9)
  A howler monkey zombie (D:8)
  9 adders
  2 white imps (D:6)
  An adder skeleton (D:5)
  An adder zombie (D:4)
  A worm (D:2)
  A dart slug (D:3)
  42 orcs
  6 bats
  8 endoplasms
  4 giant cockroaches
  8 goblins
  8 hobgoblins
  2 jackals (D:2)
  13 kobolds
  4 quokkas (D:1)
  10 ball pythons
  8 frilled lizards
  7 rats
259 creatures vanquished.

Vanquished Creatures (others)
  A centaur (D:9)
  An orc priest (D:6)
  A howler monkey zombie (D:9)
  An orc (Bailey)
  31 plants
35 creatures vanquished.

Grand Total: 294 creatures vanquished

Notes
Turn   | Place    | Note
-------+----------+-------------------------------------------
     0 | D:1      | JackMcBride the Minotaur Fighter began the quest for the
                  | Orb.
     0 | D:1      | Reached XP level 1. HP: 19/19 MP: 0/0
   153 | D:1      | Reached XP level 2. HP: 27/27 MP: 1/1
   330 | D:1      | Found a faded altar of an unknown god.
   338 | D:1      | Became a worshipper of Ru the Awakened
   353 | D:1      | Gained mutation: You are hated by all. [Ru sacrifice]
   353 | D:1      | Reached * piety under Ru
   512 | D:1      | Reached XP level 3. HP: 33/33 MP: 2/2
  1222 | D:2      | Reached XP level 4. HP: 41/41 MP: 3/3
  1592 | D:3      | You fall into a shaft and drop 3 floors!
  1601 | D:6      | Reached XP level 5. HP: 39/47 MP: 4/4
  1676 | D:6      | Reached skill level 5 in Fighting
  1676 | D:6      | Reached skill level 5 in Armour
  1676 | D:6      | Reached skill level 5 in Shields
  1795 | D:6      | Reached XP level 6. HP: 56/56 MP: 5/5
  1824 | D:5      | Entered Level 5 of the Dungeon
  1872 | D:5      | Gained mutation: You cannot study or use magical devices.
                  | [Ru sacrifice]
  1872 | D:5      | Reached ** piety under Ru
  1872 | D:5      | Reached *** piety under Ru
  1876 | D:5      | Found a radiant altar of Vehumet.
  1886 | D:4      | Found Ankohar's Antique Weapon Boutique.
  2482 | D:4      | Noticed Edmund
  2497 | D:4      | Killed Edmund
  2599 | D:4      | Reached skill level 5 in Axes
  2599 | D:4      | Reached XP level 7. HP: 62/62 MP: 6/6
  2718 | D:4      | Found a staircase to the Ecumenical Temple.
  2743 | D:4      | Found a glowing silver altar of Zin.
  3040 | D:5      | Found a shimmering altar of Xom.
  3364 | D:5      | Reached XP level 8. HP: 62/71 MP: 7/7
  3601 | D:5      | Noticed Prince Ribbit
  4854 | D:6      | Found a runed translucent gate.
  4855 | D:6      | Noticed a11behringer's ghost (novice MiFi)
  4857 | D:6      | Found a runed translucent gate.
  4857 | D:6      | Found a runed translucent gate.
  4859 | D:6      | Identified the +1 plate armour of Ekal {Harm *Corrode Drain
                  | Str+8}
  4935 | D:6      | Identified the +5 hunting sling of Death's Door {vorpal,
                  | Fragile rElec Dex+4}
  4938 | D:6      | Gained mutation: You are somewhat unskilled. (-1 Apt) [Ru
                  | sacrifice]
  4938 | D:6      | Reached **** piety under Ru
  4938 | D:6      | Reached ***** piety under Ru
  5338 | D:7      | Found a stormy altar of Qazlal.
  5378 | D:7      | Found a flagged portal.
  5394 | Bailey   | Entered a bailey
  5657 | Bailey   | Reached XP level 9. HP: 66/79 MP: 2/8
  7491 | Bailey   | Identified the amulet of the Past {Regen+ Str+2}
  7726 | D:7      | Found an opulent altar of Gozag.
  8171 | D:7      | Acquired the +9 plate armour of Todiusiq {Str+2}
  8543 | D:8      | Found a runed translucent gate.
  8544 | D:8      | Found a runed translucent gate.
  8545 | D:8      | Found a runed translucent gate.
  8546 | D:8      | Noticed a ten-headed hydra
  8546 | D:8      | Noticed Harold
  8563 | D:8      | Noticed 0gre's ghost (novice GnIE)
  8571 | D:8      | Killed Harold
  8572 | D:8      | Reached XP level 10. HP: 80/90 MP: 9/9
  9402 | D:9      | Noticed Maggie
  9408 | D:9      | Killed Maggie
  9593 | D:9      | Noticed a two-headed ogre
  9595 | D:9      | Noticed a two-headed ogre
  9598 | D:9      | Killed a two-headed ogre
  9602 | D:9      | Killed a two-headed ogre
  9605 | D:9      | Noticed Psyche
  9612 | D:9      | Noticed Erolcha
  9620 | D:9      | Killed Psyche
  9644 | D:9      | Killed Erolcha
  9664 | D:9      | Noticed Pikel
  9672 | D:9      | Killed Pikel
  9673 | D:9      | Reached skill level 10 in Fighting
  9673 | D:9      | Reached skill level 10 in Shields
  9673 | D:9      | Reached XP level 11. HP: 90/99 MP: 10/10
  9722 | D:9      | Gained mutation: You cannot study or cast Earth magic. [Ru
                  | sacrifice]
  9722 | D:9      | Gained mutation: You cannot study or cast Transmutations
                  | magic. [Ru sacrifice]
  9722 | D:9      | Gained mutation: You cannot study or cast Conjurations
                  | magic. [Ru sacrifice]
  9758 | D:9      | Reached skill level 10 in Armour
 10118 | D:10     | Entered Level 10 of the Dungeon
 10147 | D:10     | Found a bloodstained altar of Trog.
 10158 | D:10     | Noticed a two-headed ogre
 10170 | D:10     | Killed a two-headed ogre
 10452 | D:10     | Reached skill level 10 in Axes
 10814 | D:10     | Noticed a two-headed ogre
 10822 | D:10     | Killed a two-headed ogre
 10861 | D:10     | Found a staircase to the Lair.
 10886 | D:10     | Found a staircase to the Orcish Mines.
 11089 | D:11     | Noticed a two-headed ogre
 11098 | D:11     | Killed a two-headed ogre
 11372 | D:11     | Found a frozen archway.
 11373 | D:11     | Noticed an ice dragon
 11385 | D:11     | Killed an ice dragon
 11446 | IceCv    | Entered an ice cave
 11451 | IceCv    | Slain by an entropy weaver simulacrum

Illustrated notes

Levels and vault maps discovered:
D:1:      lemuel_arrival_lava_pool, layout_basic,
          ebering_ecumenical_altar_ruins, hangedman_decor_peaks_small
D:2:      layout_basic
D:3:      layout_basic
D:4:      layout_loops_ring, nicolae_yredelemnul_corpse_copse,
          mainiacjoe_overflow_small_starburst, temple_doors_cd, serial_shops,
          nicolae_stop_n_shop_1, minivault_26, uniq_edmund
D:5:      layout_gridville, mainiacjoe_overflow_catwalk,
          mainiacjoe_overflow_catwalk_spiral, serial_bayou,
          serial_bayou_crossing, serial_bayou_shore_a, serial_bayou_pond_c,
          serial_bayou_lagoon_a, uniq_prince_ribbit1
D:6:      layout_basic, biasface_ghost_orc_armoury
D:7:      layout_rooms, nicolae_gozag_cash_rules_everything_around_me,
          mainiacjoe_overflow_alcove_2, enter_bailey_5, kennysheep_nub,
          chequers_serial_rivers_large_a, chequers_serial_rivers_micro_d,
          minmay_statues_item
D:8:      layout_basic, gammafunk_ghost_hydra_chop, uniq_harold
D:9:      layout_gridville, uniq_pikel, uniq_psyche, uniq_maggie, uniq_erolcha
D:10:     layout_loops_ring, mainiacjoe_overflow_cross_hatched,
          david_lair_generic, orc_0_dummy, minmay_lizard_king
D:11:     layout_loops_corners, portal_ice_cave_entry_animals_and_master,
          uniq_erica
IceCv:    ice_cave_hellmonk_azure_passage

Skill      XL: |  1  2  3  4  5  6  7  8  9 10 11 |
---------------+----------------------------------+-----
Fighting       | 4 5 6 7 8 10 11 | 11.0
Shields        | 4 5 6 7 8 10 11 | 11.0
Armour         | 4 5 6 7 8 9 10 | 10.9
Axes           | 3 4 5 6 8 9 10 | 10.7

Action                   |  1- 3 |  4- 6 |  7- 9 | 10-12 || total
-------------------------+-------+-------+-------+-------++-------
Melee: War axe           |   116 |   123 |   341 |   241 ||   821
       Headbutt          |    13 |    17 |    68 |    59 ||   157
Throw: Javelin           |       |     2 |    11 |       ||    13
Invok: Sacrifice Love    |     1 |       |       |       ||     1
       Sacrifice Artific |       |     1 |       |       ||     1
       Draw Out Power    |       |       |     3 |     1 ||     4
       Power Leap        |       |       |     6 |     1 ||     7
       Sacrifice Skill   |       |       |     1 |       ||     1
       Apocalypse        |       |       |     2 |     4 ||     6
       Sacrifice Arcana  |       |       |       |     1 ||     1
  Use: Potion            |       |     1 |       |     1 ||     2
       Scroll            |       |       |     6 |     3 ||     9
 Stab: Distracted        |       |     2 |     1 |     2 ||     5
       Invisible         |       |     1 |     5 |     3 ||     9
       Paralysed         |       |       |       |     9 ||     9
Armor: Scale mail        |    74 |    51 |   111 |       ||   236
       Plate armour      |       |       |    85 |    81 ||   166
Dodge: Dodged            |    38 |    46 |   111 |    35 ||   230
Block: Kite shield       |    72 |    75 |   244 |   119 ||   510
